 Dungeon Crawl Stone Soup version 0.31-a0-854-g362426d53f (webtiles) character file.

Game seed: 5952793320830748184

69 Kurtz the Covert (level 4, -4/42 HPs)
             Began as a Naga Delver on Oct 8, 2023.
             Slain by a killer bee (5 damage)
             ... on level 5 of the Dungeon.
             The game lasted 00:01:26 (515 turns).

Kurtz the Covert (Naga Delver)                       Turns: 515, Time: 00:01:27

Health: -4/42      AC:  6    Str: 15    XL:     4   Next: 20%
Magic:  4/4        EV:  2    Int: 10    God:
Gold:   19         SH:  0    Dex: 14    Spells: 3/3 levels left

rFire   . . .        a - +0 hand axe
rCold   . . .        (no shield)
rNeg    . . .        i - +0 plate armour
rPois   +            (no helmet)
rElec   .            (no cloak)
rCorr   .            (no gloves)
SInv    +            (no barding)
Will    .....        (no amulet) Stlth
                     (no ring)
HPRegen 0.27/turn    (no ring)
MPRegen 0.09/turn

%: no passive effects
@: short of breath, hasted, quick
A: AC +1, large, see invisible, deformed body, poison resistance, slowness 2,
spit poison 1, naga tail 1
a: Spit Poison


You were on level 5 of the Dungeon.
You visited 2 branches of the dungeon, and saw 3 of its levels.

You collected 19 gold pieces.

Inventory:

Hand Weapons
 a - a +0 hand axe (weapon)
Armour
 b - a +0 leather armour
 i - a +0 plate armour (worn)
Wands
 g - a wand of digging (3)
 j - a wand of polymorph (1) (quivered)
Scrolls
 c - a scroll of fog
 d - a scroll of revelation
 e - a scroll of fear
 h - a scroll of blinking {unknown}


   Skills:
 + Level 3.3 Fighting
 + Level 2.2 Axes
 + Level 0.2 Armour
 + Level 1.6 Dodging
 + Level 8.9 Stealth


You had 3 spell levels left.
You didn't know any spells.
Your spell library was empty.

Dungeon Overview and Level Annotations

Branches:
Dungeon (5/15)             Temple (1/1) D:5

Altars:
Ashenzari
Cheibriados
Elyvilon
Fedhas
Gozag
Hepliaklqana
Kikubaaqudgha
Makhleb
Nemelex Xobeh
Okawaru
Qazlal
Ru
Sif Muna
Trog
Uskayaw
Vehumet
Wu Jian
Xom
Yredelemnul
Zin
The Shining One


Innate Abilities, Weirdness & Mutations

Your serpentine skin is tough. (AC +1)
You have supernaturally acute eyesight. (SInv)
Armour fits poorly on your strangely shaped body.
Your system is resistant to poisons. (rPois)
You cover ground very slowly.
You can spit poison.
You have a snake-like lower body.


Message History

The fire bat barely misses you.
Unknown command.
The fire bat bites you but does no damage.
Aiming: Polymorph
Press: ? - help, Q - select action, (/) - cycle Shift-Dir - straight line, f/p - fire bat
Aim: a fire bat (will become a hornet, a sky beast, or a wyvern, chance to affect: 57%)
The fire bat evaporates and reforms as a hornet!
The hornet stings you.
You feel yourself slow down.
Aiming: Polymorph
Press: ? - help, Q - select action, (/) - cycle Shift-Dir - straight line, f/p - hornet
Aim: a hornet (will become a wyvern, a fire bat, or a steam dragon, chance to affect: 39%)
The hornet evaporates and reforms as a steam dragon!
You feel yourself speed up.
You have got your breath back.
The steam dragon bites you. The steam dragon claws you.
* * * LOW HITPOINT WARNING * * *
Aiming: Polymorph
Press: ? - help, Q - select action, (/) - cycle Shift-Dir - straight line, f/p - steam dragon
Aim: a steam dragon (will become a sky beast, a swamp drake, or a killer bee, chance to affect: 49%)
The steam dragon evaporates and reforms as a killer bee!
The killer bee stings you but does no damage.
You barely miss the killer bee.
The killer bee stings you but does no damage.
The killer bee stings you.
* * * LOW HITPOINT WARNING * * *
The killer bee stings you.
* * * LOW HITPOINT WARNING * * *
Unknown command.
You feel yourself speed up.
The killer bee stings you but does no damage.
The killer bee stings you.
* * * LOW HITPOINT WARNING * * *
Aiming: Spit Poison (1% risk of failure)
Press: ? - help, Shift-Dir - straight line, f/p - killer bee
Aim: a killer bee (28% to hit)
The splash of poison hits the killer bee!
The killer bee is poisoned.
The killer bee is heavily wounded.
The killer bee stings you.
You die...

..≈≈ #...... $. #.≈≈
..###.#####g###.. .##.≈≈#g
.#.###.©.###.#g8
.#..≈≈#####...........###
.#$.≈≈≈≈≈≈≈≈≈≈≈≈~≈≈≈≈≈≈≈≈
.#..≈≈≈≈≈≈≈≈≈≈≈≈~≈≈≈≈≈≈≈≈
##.#.......................
...#.###.#..#..#####.......
..##.###...##..y@....#
#.##.......##..#####.#
#....########..# #'#
.........####..# #♣.♣#
#####.##.>.....# ♣...♣
....#.########## ♣.>.♣
###.#.# ♣...♣ #.#.# #♣♣♣#
#.#.#


You could see a killer bee (poisoned).

Vanquished Creatures
  A scorpion (D:5)
  An adder (D:5)
  A worm (D:5)
  A quokka (D:5)
4 creatures vanquished.

Notes
Turn   | Place    | Note
-------+----------+-------------------------------------------
     0 | D:5      | Kurtz the Naga Delver began the quest for the Orb.
     0 | D:5      | Reached XP level 1. HP: 21/21 MP: 1/1
    27 | D:5      | Noticed a gnoll sergeant
    29 | D:5      | Found a staircase to the Ecumenical Temple.
    35 | Temple   | Entered the Ecumenical Temple
   234 | D:5      | Noticed a scorpion
   240 | D:5      | Killed a scorpion
   241 | D:5      | Reached skill level 8 in Stealth
   241 | D:5      | Reached XP level 2. HP: 28/28 MP: 2/2
   241 | D:5      | Reached XP level 3. HP: 34/34 MP: 3/3
   241 | D:5      | Reached XP level 4. HP: 42/42 MP: 4/4
   445 | D:5      | Identified the +7 spear of the Keeping Gods {pain, rF+
                  | Int-3 Dex+3 SInv}
   445 | D:5      | Identified the +0 scale mail "Syacetwe" {Str+3 Dex+3}
   445 | D:5      | Identified the +1 buckler of Ilu Ela {rC+++ rCorr Str+3
                  | Int-2}
   445 | D:5      | Noticed a gnoll sergeant
   505 | D:5      | a jelly changed into a fire bat
   505 | D:5      | Noticed a fire bat
   510 | D:5      | a fire bat changed into a hornet
   510 | D:5      | Noticed a hornet
   511 | D:5      | a hornet changed into a steam dragon
   511 | D:5      | Noticed a steam dragon
   512 | D:5      | a steam dragon changed into a killer bee
   514 | D:5      | HP: 1/42 [killer bee (5)]
   515 | D:5      | Slain by a killer bee

Illustrated notes

Levels and vault maps discovered:
D:4:      wander_river, layout_basic
D:5:      layout_basic, minmay_temple_entry_enclosed_plants,
          gammafunk_ghost_gnarly_gnolls, dk_rats_in_the_wall
Temple:   mainiacjoe_temple_circle_huts

Skill      XL: |  1 |
---------------+----+-----
Stealth        | 8 |  8.9
Fighting       | |  3.3
Axes           | |  2.2
Armour         | |  0.2
Dodging        | |  1.6

Action                     |  1- 3 |  4- 6 || total
---------------------------+-------+-------++-------
  Melee: Hand axe          |     5 |     6 ||    11
Ability: Spit Poison       |     4 |     5 ||     9
  Evoke: Wand              |       |     5 ||     5
    Use: Potion            |       |     1 ||     1
 Armour: Leather armour    |     3 |       ||     3
         Plate armour      |       |    21 ||    21
  Dodge: Dodged            |       |     1 ||     1

Table legend: (Time is in decaauts)
 A = Elapsed time spent in this place.
 B = Non-inter-level travel time spent in this place.
 C = Inter-level travel time spent in this place.
 D = Time resting spent in this place.
 E = Time spent auto-exploring this place.
 F = Levels seen in this place.
 G = Mean time per level.
                   A        B        C        D        E       F      G
               +--------+--------+--------+--------+--------+-----+--------+
         Total |    623 |    480 |    143 |    200 |     11 |   3 |  207.7 |
       Dungeon |    588 |    479 |    109 |    200 |     11 |   2 |  294.0 |
        Temple |     35 |      1 |     34 |      0 |      0 |   1 |   35.0 |
               +--------+--------+--------+--------+--------+-----+--------+

Top non-repeatable levels by time:
     D:5: 586 daAuts
  Temple: 35 daAuts
     D:4: 1 daAuts
